 Dungeon Crawl Stone Soup version 0.31.0-9-g3a7656b989 (webtiles) character file.

Game seed: 5659777307955679651

46381 Peloso the Fencer (level 14, -3/132 HPs)
             Began as a Minotaur Fighter on Feb 1, 2024.
             Was the Champion of Okawaru.
             Slain by Snorg (13 damage)
             ... on level 1 of the Orcish Mines.
             The game lasted 00:55:49 (18884 turns).

Peloso the Fencer (Minotaur Fighter)               Turns: 18884, Time: 00:55:50

Health: -3/132     AC: 20    Str: 19    XL:     14   Next: 4%
Magic:  14/14      EV:  9    Int: 10    God:    Okawaru [******]
Gold:   1048       SH:  7    Dex: 18    Spells: 13/13 levels left

rFire   + + +        a - +3 double sword (flame)
rCold   + . .        d - +0 buckler
rNeg    + + +        r - +1 plate armour {rF+}
rPois   .            g - +0 hat of Otufuig {rF+ rN++ Will+ Str-3}
rElec   .            H - scarf {rC+ rF+}
rCorr   +            N - +0 pair of gloves
SInv    .            (no boots)
Will    +++..        (no amulet) Stlth
                     u - ring of Uggeh {rN+ Int+5 Slay+3}
HPRegen 0.42/turn    w - ring of Demons {^Drain Will+ rCorr Dex+4}
MPRegen 0.14/turn

%: no passive effects
@: hasted, studying Unarmed Combat, very quick
A: horns 2, retaliatory headbutt
a: Renounce Religion, Heroism, Finesse, Duel


You were on level 1 of the Orcish Mines.
You worshipped Okawaru.
Okawaru was exalted by your worship.
You visited 4 branches of the dungeon, and saw 17 of its levels.
You also visited: Sewer and Gauntlet.

You collected 1048 gold pieces.

Inventory:

Hand Weapons
 a - a +3 double sword of flaming (weapon)
 b - the +5 scimitar of the Common Good {vamp, *Corrode rC++}
   (You found it on level 11 of the Dungeon)

   rC++:      It greatly protects you from cold.
   *Corrode:  It may corrode you when you take damage.
 c - a +2 scimitar of electrocution
Armour
 d - a +0 buckler (worn)
 g - the +0 hat of Otufuig (worn) {rF+ rN++ Will+ Str-3}
   (Okawaru gifted it to you on level 2 of the Lair of Beasts)

   Str-3:     It affects your strength (-3).
   rF+:       It protects you from fire.
   rN++:      It greatly protects you from negative energy.
   Will+:     It increases your willpower.
 r - a +1 plate armour of fire resistance (worn)
 H - a scarf of resistance (worn)
 I - +1 fire dragon scales
 N - a +0 pair of gloves (worn)
 U - a +0 cloak of poison resistance
Jewellery
 i - a +4 ring of protection
 k - the ring of Jurys {Str+6 Int+3 Dex+3}
   (You found it on level 7 of the Dungeon)

   [ring of strength]

   Str+6:     It affects your strength (+6).
   Int+3:     It affects your intelligence (+3).
   Dex+3:     It affects your dexterity (+3).
 m - a ring of protection from cold
 n - the ring "Liddod" {*Slow rN+ Int+3}
   (You found it on level 8 of the Dungeon)

   [ring of positive energy]

   Int+3:     It affects your intelligence (+3).
   rN+:       It protects you from negative energy.
   *Slow:     It may slow you when you take damage.
 o - a ring of wizardry
 p - the ring "Lypnumy" {rC+ SInv}
   (You found it on level 7 of the Dungeon)

   [ring of see invisible]

   rC+:       It protects you from cold.
   SInv:      It lets you see invisible.
 u - the ring of Uggeh (left hand) {rN+ Int+5 Slay+3}
   (You found it on level 7 of the Dungeon)

   [ring of positive energy]

   Int+5:     It affects your intelligence (+5).
   Slay+3:    It affects your accuracy & damage with ranged weapons and melee
   (+3).
   rN+:       It protects you from negative energy.
 v - a ring of protection from cold
 w - the ring of Demons (right hand) {^Drain Will+ rCorr Dex+4}
   (You found it on level 7 of the Dungeon)

   [ring of resist corrosion]

   Dex+4:     It affects your dexterity (+4).
   Will+:     It increases your willpower.
   rCorr:     It protects you from acid and corrosion.
   ^Drain:    It drains your maximum health when unequipped.
 B - a +6 ring of strength
 E - a ring of ice
 O - a ring of magical power
 Q - an amulet of the acrobat
 R - an amulet of reflection
 S - an amulet of faith
Talismans
 C - a dragon-blood talisman
 J - a blade talisman
Wands
 D - a wand of paralysis (3)
 P - a wand of iceblast (14)
Scrolls
 e - 2 scrolls of enchant armour
 h - 5 scrolls of immolation
 l - 4 scrolls of teleportation
 y - a scroll of brand weapon
 z - 4 scrolls of fog
 K - 3 scrolls of fear
 M - a scroll of revelation
 T - a scroll of silence
Potions
 f - 3 potions of brilliance
 j - 3 potions of might
 q - 4 potions of haste
 s - 2 potions of ambrosia
 t - 6 potions of curing
 x - a potion of attraction {unknown}
 A - 8 potions of mutation
 F - a potion of resistance
 G - a potion of berserk rage
 L - a potion of invisibility


   Skills:
 + Level 14.2 Fighting
 + Level 16.3 Long Blades
 + Level 16.2 Armour
 + Level 4.9 Dodging
 + Level 2.2 Stealth
 + Level 11.5 Shields
 + Level 1.6 Invocations


You had 13 spell levels left.
You didn't know any spells.
Your spell library contained the following spells:

 Spells                   Type           Power      Damage    Failure   Level
 Foxfire                  Conj/Fire      0%         2x1d4     99%         1
 Necrotise                Necr           0%         1d4       99%         1
 Ozocubu's Armour         Ice            0%         N/A       100%        3
 Vampiric Draining        Necr           0%         2d6       100%        3
 Manifold Assault         Tloc           0%         N/A       100%        4
 Curse of Agony           Necr           0%         N/A       100%        5
 Metabolic Englaciation   Hex/Ice        0%         N/A       100%        5
 Dispersal                Tloc           0%         N/A       100%        6
 Plasma Beam              Fire/Air       0%         2x1d10    100%        6
 Starburst                Conj/Fire      0%         6d3       100%        6
 Disjunction              Tloc           0%         N/A       100%        8
 Martyr's Knell           Necr/Summ      Unusable   N/A       N/A         4
 Sculpt Simulacrum        Ice/Alch       Unusable   N/A       N/A         6

Dungeon Overview and Level Annotations

Branches:
Dungeon (12/15)            Temple (1/1) D:5            Lair (3/5) D:8
 Shoals (0/4) Lair:2        Snake (0/4) Lair:2          Orc (1/2) D:10
  Sewer (visited)         Gauntlet (visited)

Altars:
Ashenzari
Cheibriados
Dithmenos
Elyvilon
Fedhas
Gozag
Hepliaklqana
Kikubaaqudgha
Makhleb
Nemelex Xobeh
Okawaru
Qazlal
Ru
Sif Muna
Trog
Uskayaw
Vehumet
Wu Jian
Xom
Yredelemnul
Zin
The Shining One

Shops:
D:11 (

Annotations:
D:12 exclusion: orange crystal statue
Orc:1 1 runed translucent door, Snorg


Innate Abilities, Weirdness & Mutations

You have a pair of horns on your head.
You reflexively headbutt those who attack you in melee.


Message History

Snorg goes berserk!
Snorg bites you but does no damage. Snorg barely misses you. Snorg claws you!
You slash Snorg! You burn Snorg!
Snorg is lightly wounded.
Snorg barely misses you. Snorg claws you! x2
You slash Snorg! You burn Snorg.
Snorg is moderately wounded.
Snorg bites you! Snorg claws you! You block Snorg's attack.
Unknown command.
You barely miss Snorg. You headbutt Snorg!
Snorg is moderately wounded.
Snorg bites you. Snorg barely misses you. Snorg claws you!
You barely miss Snorg.
Snorg is moderately wounded.
Snorg completely misses you. Snorg claws you! x2
* * * LOW HITPOINT WARNING * * *
You chop Snorg into pieces!!! You burn Snorg!! You headbutt Snorg!
Snorg is severely wounded.
Snorg bites you.
* * * LOW HITPOINT WARNING * * *
Snorg claws you.
* * * LOW HITPOINT WARNING * * *
Snorg claws you!
* * * LOW HITPOINT WARNING * * *
Snorg bites you but does no damage. Snorg claws you!
* * * LOW HITPOINT WARNING * * *
You block Snorg's attack.
Okay, then.
Okay, then.
Okay, then.
You feel yourself speed up. Snorg bites you but does no damage.
Snorg barely misses you. x2
Snorg attacks as she pursues you! Snorg bites you but does no damage.
Snorg closely misses you. x2
Snorg rages.
Snorg attacks as she pursues you! Snorg closely misses you.
Snorg claws you but does no damage. You block Snorg's attack.
Snorg rages.
Snorg attacks as she pursues you! Snorg barely misses you. Snorg claws you!
You die...

#....#........#.#...#
#####...##.............#
##.####.####.............
#...#######.........###..
##...#####.......##.# #.
###.###.#............# #
##.................#.##
#.....................#
##.##....@T...........#
#####..................
####.###.....#............
##.#....#.................
#.......).))..).)........
##....)))................
###...)....^............
###.#..#..............
##.#.................


You could see Snorg (berserk).

Vanquished Creatures
  Gastronok (Lair:3)
  A minotaur (Gauntlet)
  An entropy weaver (Gauntlet)
  Harold (D:10)
  A hydra (Lair:2)
  2 centaur warriors (D:11)
  2 boulder beetles (D:12)
  4 two-headed ogres
  5 death yaks (Lair:3)
  A deep troll earth mage (D:12)
  The ghost of Majang the Martial Artist, a novice GnSh of Cheibriados (D:8)
  A phantasmal warrior (D:12)
  Pikel (D:9)
  3 harpies (Lair:2)
  A lindwurm (Lair:3)
  An ugly thing (D:12)
  A deep elf pyromancer (D:12)
  A wolf spider (Gauntlet)
  A salamander (Lair:2)
  3 centaur zombies (D:9)
  5 elephants
  A manticore (D:7)
  A moth of wrath (D:8)
  4 black mambas
  3 cyclopes
  2 centaur skeletons (D:9)
  An unseen horror (D:12)
  5 cane toads
  A gargoyle (D:7)
  A kobold demonologist (D:12)
  2 komodo dragons
  2 efreet
  A hellwing (D:9)
  3 polar bears
  2 hornets (D:8)
  5 blink frogs (Lair:2)
  5 dream sheep (Lair:3)
  7 slime creatures
  Sigmund (D:5)
  A shadow (D:11)
  4 wyverns
  2 jumping spiders (Gauntlet)
  2 fire elementals (Gauntlet)
  5 wraiths
  38 yaks
  Eustachio (D:5)
  2 steam dragons
  4 vampire mosquitoes
  3 nagas (Lair:2)
  An acid dragon (D:9)
  11 water moccasins
  2 hell hounds (Gauntlet)
  Pargi (Sewer)
  A swamp drake (D:10)
  5 black bears
  5 orc warriors
  A sky beast (D:7)
  An ice beast (D:8)
  7 wolves (Lair:1)
  A lemure (D:9)
  4 ogres
  2 centaurs
  A phantom (D:7)
  3 kobold brigands
  2 gnoll sergeants
  2 brain worms (Sewer)
  11 bullfrogs
  2 scorpions
  5 wights (D:7)
  7 killer bees
  A howler monkey (D:7)
  5 hounds
  4 jellies
  2 bombardier beetles (D:5)
  A gnoll bouda (D:8)
  13 orc priests
  9 orc wizards
  2 sleepcaps
  A boggart skeleton (D:9)
  A hound zombie (D:2)
  10 adders
  13 gnolls
  3 shadow imps (D:9)
  2 white imps (D:7)
  An adder skeleton (D:2)
  5 adder zombies (D:2)
  5 dart slugs
  4 ribbon worms
  49 orcs
  10 ball pythons
  3 bats
  3 bat skeletons (D:2)
  2 bat zombies (D:2)
  6 endoplasms
  4 giant cockroaches
  5 goblins
  7 hobgoblins
  6 jackals
  18 kobolds
  A quokka (D:2)
  A ball python skeleton (D:2)
  2 frilled lizards (Sewer)
  A jackal skeleton (D:2)
  4 rats
  A spectral orc (D:6)
427 creatures vanquished.

Vanquished Creatures (others)
  An orc wizard (D:8)
  An adder (D:6)
2 creatures vanquished.

Grand Total: 429 creatures vanquished

Notes
Turn   | Place    | Note
-------+----------+-------------------------------------------
     0 | D:1      | Peloso the Minotaur Fighter began the quest for the Orb.
     0 | D:1      | Reached XP level 1. HP: 19/19 MP: 0/0
   330 | D:1      | Reached XP level 2. HP: 27/27 MP: 1/1
   705 | D:1      | Reached XP level 3. HP: 33/33 MP: 2/2
  1087 | D:2      | Reached XP level 4. HP: 37/40 MP: 3/3
  1165 | D:2      | Found a radiant altar of Vehumet.
  1790 | D:3      | Found a stormy altar of Qazlal.
  1807 | D:3      | Reached XP level 5. HP: 11/46 MP: 4/4
  2133 | D:3      | Reached skill level 5 in Armour
  2306 | D:3      | Found a burning altar of Makhleb.
  2306 | D:3      | Noticed a balrug
  2519 | D:4      | Reached skill level 1 in Dodging
  2674 | D:4      | Reached skill level 5 in Long Blades
  2674 | D:4      | Reached XP level 6. HP: 53/53 MP: 5/5
  3035 | D:5      | Entered Level 5 of the Dungeon
  3136 | D:5      | Found a staircase to the Ecumenical Temple.
  3213 | D:5      | Noticed Eustachio
  3240 | D:5      | Killed Eustachio
  3241 | D:5      | Reached skill level 5 in Fighting
  3241 | D:5      | Reached XP level 7. HP: 61/61 MP: 6/6
  3271 | D:5      | Reached skill level 5 in Shields
  3302 | D:5      | Found a glowing drain.
  3323 | Sewer    | Entered a sewer
  3387 | Sewer    | Noticed Pargi
  3404 | Sewer    | Killed Pargi
  3461 | Sewer    | Reached XP level 8. HP: 35/70 MP: 4/7
  3803 | D:5      | Noticed Sigmund
  3819 | D:5      | Killed Sigmund
  3956 | D:5      | Found an ornate altar of the Wu Jian Council.
  3978 | Temple   | Entered the Ecumenical Temple
  5318 | D:6      | Reached XP level 9. HP: 72/78 MP: 8/8
  5415 | D:6      | Found a hazy altar of Hepliaklqana.
  6036 | D:7      | You fall into a shaft and drop 3 floors!
  6036 | D:10     | Entered Level 10 of the Dungeon
  6220 | D:10     | Noticed a komodo dragon
  6230 | D:10     | Killed a komodo dragon
  6231 | D:10     | Reached skill level 10 in Long Blades
  6284 | D:10     | Reached skill level 1 in Stealth
  6439 | D:8      | Found an iron altar of Okawaru.
  6444 | D:8      | Became a worshipper of Warmaster Okawaru
  6468 | D:8      | Reached XP level 10. HP: 86/88 MP: 9/9
  6531 | D:8      | Paralysed by a hornet for 3 turns
  6872 | D:7      | Reached * piety under Okawaru
  6873 | D:7      | Reached skill level 10 in Armour
  6965 | D:7      | Noticed a manticore
  6979 | D:7      | Killed a manticore
  6983 | D:7      | Identified the ring of Jurys {Str+6 Int+3 Dex+3}
  7002 | D:7      | Noticed a gargoyle
  7004 | D:7      | Killed a gargoyle
  7006 | D:7      | Identified the ring "Lypnumy" {rC+ SInv}
  7099 | D:7      | Reached ** piety under Okawaru
  7142 | D:7      | Identified the ring of Uggeh {rN+ Int+5 Slay+3}
  7145 | D:7      | Identified the ring of Demons {^Drain Will+ rCorr Dex+4}
  7285 | D:7      | Found a sacrificial altar of Ru.
  7668 | D:8      | Noticed an elephant
  7693 | D:8      | Killed an elephant
  7810 | D:8      | Found a transporter.
  7810 | D:8      | Noticed Majang's ghost (novice GnSh)
  7813 | D:8      | Noticed a moth of wrath
  7832 | D:8      | Found a transporter.
  8037 | D:8      | Found a staircase to the Lair.
  8331 | D:8      | Reached *** piety under Okawaru
  8682 | D:9      | Reached XP level 11. HP: 88/97 MP: 10/10
  8961 | D:9      | Noticed a two-headed ogre
  9103 | D:9      | Reached **** piety under Okawaru
  9128 | D:9      | Reached skill level 10 in Fighting
  9245 | D:9      | Noticed Pikel
  9258 | D:9      | Killed Pikel
  9305 | D:9      | Killed a two-headed ogre
  9742 | D:10     | Noticed Harold
  9754 | D:10     | Killed Harold
  9754 | D:10     | Reached ***** piety under Okawaru
 10012 | D:10     | Identified the +0 animal skin "Bofriwk" {rC+}
 10103 | D:10     | Found a staircase to the Orcish Mines.
 10548 | D:11     | Noticed a two-headed ogre
 10664 | D:11     | Noticed a centaur warrior
 10665 | D:11     | Found a large runed translucent door.
 10665 | D:11     | Found a large runed translucent door.
 10670 | D:11     | Noticed a centaur warrior
 11072 | D:11     | Identified the +5 scimitar of the Common Good {vamp,
                  | *Corrode rC++}
 11144 | D:11     | Found Edaerpho's Antique Weapon Emporium.
 11425 | Lair:1   | Entered Level 1 of the Lair of Beasts
 11512 | Lair:1   | Reached XP level 12. HP: 78/108 MP: 11/11
 12351 | Lair:1   | Identified the +7 morningstar "Murmur" {vamp, *Noise Str+9
                  | Dex+4}
 12735 | Lair:2   | Received a gift from Okawaru
 12789 | Lair:2   | Noticed a four-headed hydra
 12799 | Lair:2   | Killed a one-headed hydra
 12799 | Lair:2   | Reached ****** piety under Okawaru
 12933 | Lair:2   | You fall into a shaft and drop 1 floor!
 12950 | Lair:3   | Found a gate leading to a gauntlet.
 12977 | Gauntlet | Entered a Gauntlet
 12977 | Gauntlet | Found a transporter.
 12977 | Gauntlet | Found a transporter.
 12977 | Gauntlet | Found a transporter.
 12993 | Gauntlet | Found a transporter.
 13001 | Gauntlet | Found a transporter.
 13009 | Gauntlet | Found a transporter.
 13015 | Gauntlet | Found a transporter.
 13035 | Gauntlet | Found a transporter.
 13042 | Gauntlet | Noticed an entropy weaver
 13086 | Gauntlet | Found a transporter.
 13134 | Gauntlet | Found a transporter.
 13135 | Gauntlet | Found a transporter.
 13148 | Gauntlet | Found a transporter.
 13566 | Gauntlet | Identified the +2 chain mail of the Old and Reckless
                  | {Rampage rC+}
 13781 | Gauntlet | Killed an entropy weaver
 13781 | Gauntlet | Received a gift from Okawaru
 13808 | Gauntlet | Identified the +0 hat of Bitterness {Int+5}
 13901 | Gauntlet | Identified the +1 glaive of the Firefly {flame, Fly rPois
                  | Str+3 Dex+2}
 13901 | Gauntlet | Noticed a minotaur
 13918 | Gauntlet | Killed a minotaur
 13919 | Gauntlet | Reached skill level 15 in Long Blades
 14053 | Lair:3   | Noticed a death yak
 14053 | Lair:3   | Noticed a death yak
 14053 | Lair:3   | Noticed a death yak
 14079 | Lair:3   | Killed a death yak
 14080 | Lair:3   | Noticed a death yak
 14080 | Lair:3   | Noticed a death yak
 14096 | Lair:3   | Killed a death yak
 14103 | Lair:3   | Killed a death yak
 14104 | Lair:3   | Reached skill level 10 in Shields
 14109 | Lair:3   | Killed a death yak
 14110 | Lair:3   | Reached skill level 15 in Armour
 14110 | Lair:3   | Reached XP level 13. HP: 119/119 MP: 12/12
 14274 | Lair:3   | Received a gift from Okawaru
 14546 | Lair:3   | Reached skill level 1 in Invocations
 14882 | Lair:3   | Noticed Gastronok
 14898 | Lair:3   | Killed Gastronok
 15321 | Lair:2   | Received a gift from Okawaru
 15343 | Lair:2   | Acquired a +1 double sword of flaming
 15343 | Lair:2   | Received a gift from Okawaru
 15355 | Lair:2   | Acquired the +0 hat of Otufuig {rF+ rN++ Will+ Str-3}
 15355 | Lair:2   | Received a gift from Okawaru
 15399 | Lair:2   | Found a staircase to the Shoals.
 15694 | Lair:2   | Found a staircase to the Snake Pit.
 16840 | D:12     | HP: 6/123 [large slime creature (32)]
 17930 | D:8      | Received a gift from Okawaru
 17940 | D:8      | Killed Majang's ghost
 17952 | D:8      | Identified the ring "Liddod" {*Slow rN+ Int+3}
 18090 | D:11     | Found an iron altar of Okawaru.
 18090 | D:11     | Found an iron altar of Okawaru.
 18106 | D:11     | Reached XP level 14. HP: 56/132 MP: 11/14
 18297 | D:11     | Identified the +5 dagger "Buorolie" {flame, rC+}
 18393 | Orc:1    | Entered Level 1 of the Orcish Mines
 18799 | Orc:1    | Found a runed translucent door.
 18863 | Orc:1    | Noticed Snorg
 18870 | Orc:1    | HP: 6/132 [Snorg (16)]
 18884 | Orc:1    | Slain by Snorg

Illustrated notes

Levels and vault maps discovered:
D:1:      mainiacjoe_arrival_reflecting_pool, layout_loops_corners
D:2:      layout_loops_ring, basic_altar, serial_undead, serial_undead_c,
          serial_undead_d, serial_undead_a, serial_undead_b, serial_undead_a,
          serial_undead_f, serial_undead_e, serial_undead_a, serial_undead_b,
          serial_undead_a
D:3:      layout_rooms, makhleb_altar_promises_db,
          nicolae_qazlal_scattered_showers
D:4:      layout_loops_ring
D:5:      layout_basic, nicolae_overflow_crystal_walls,
          minmay_temple_entry_hall, cheibrodos_sewer_entry_bend, uniq_sigmund,
          uniq_eustachio
D:6:      layout_layer_cave, nicolae_hepliaklqana_monster_ancestors
D:7:      minmay_the_grid_triangle_9x9_recursive_2
          [minmay_the_grid_triangle_9x9_prize_special,
          minmay_the_grid_triangle_9x9_from_above,
          minmay_the_grid_triangle_9x9_shrine,
          minmay_the_grid_triangle_9x9_thin_v], layout_cave_pools,
          mainiacjoe_overflow_cross_hatched
D:8:      layout_basic, mainiacjoe_overflow_boulevard,
          grunt_lair_entry_orc_guard_hut, gammafunk_ghost_berserking_beasts
D:9:      cheibrodos_grave_circle, layout_basic, uniq_pikel
D:10:     layout_rooms, erik_orc_1, uniq_harold
D:11:     okawaru_arena_lexackson, layout_small_grid, serial_shops, shop
D:12:     minmay_mutant_horseshoe, layout_rooms, chequers_serial_rivers_marsh,
          minivault_16, st_stairs_5
Temple:   kb_temple_of_zot
Lair:1:   layout_layer_cave
Lair:2:   layout_loops_ring, nicolae_shoals_entry_roost,
          alex1729_snake_entry_snake
Lair:3:   layout_cave_pods, gauntlet_entry_generic, st_stairs_5, uniq_gastronok
Orc:1:    layout_caves, serial_shops, nicolae_shop_real_fake_doors,
          ebering_ghost_reflecting_pool, david_defended_altar_orc, uniq_snorg

Skill      XL: |  1  2  3  4  5  6  7  8  9 10 11 12 13 |
---------------+----------------------------------------+-----
Armour         | 4 5 6 8 9 11 13 15 16 | 16.2
Shields        | 4 5 6 7 8 10 11 | 11.5
Fighting       | 4 5 6 8 9 10 12 14 | 14.2
Long Blades    | 3 4 5 6 7 9 10 12 14 15 16 | 16.3
Dodging        | 1 2 3 4 |  4.9
Stealth        | 1 2 |  2.2
Invocations    | 1 |  1.6

Action                     |  1- 3 |  4- 6 |  7- 9 | 10-12 | 13-15 || total
---------------------------+-------+-------+-------+-------+-------++-------
  Melee: Long sword        |    82 |   171 |   249 |   304 |       ||   806
         Headbutt          |    11 |    24 |    45 |   178 |   102 ||   360
         Scimitar          |       |       |       |   380 |   152 ||   532
         Double sword      |       |       |       |       |   195 ||   195
 Invoke: Heroism           |       |       |       |     3 |     2 ||     5
         Receive Weapon    |       |       |       |       |     1 ||     1
         Receive Armour    |       |       |       |       |     1 ||     1
    Use: Potion            |     2 |     1 |     1 |     7 |     1 ||    12
         Scroll            |     1 |     3 |       |    19 |     5 ||    28
   Stab: Distracted        |       |       |       |     1 |       ||     1
         Confused          |       |       |       |     1 |       ||     1
 Armour: Scale mail        |    54 |    53 |       |       |       ||   107
         Chain mail        |       |    84 |   182 |       |       ||   266
         Plate armour      |       |       |    74 |   548 |   315 ||   937
  Dodge: Dodged            |    38 |    86 |   108 |   266 |   115 ||   613
  Block: Buckler           |    16 |    42 |    58 |   198 |   146 ||   460
         Form:             |       |       |       |     1 |       ||     1
         Dragon            |       |       |       |     1 |       ||     1
